Map: Ascension to Aiur LE

Players

Neeb - Winner!

  • Race: Protoss Protoss
  • League: Master
  • Spawn Location: 11:00

Maplez

  • Race: Protoss Protoss
  • League: Grandmaster
  • Spawn Location: 5:00

VOD

Have the link to the VOD?

Description

Time

  • Played on: Jan. 13, 2018, 12:40 p.m.
  • Length: 9:23
Show
View Real Time Build Order
Export as new Build Order

Neeb Protoss - Winner!

Build Orders: Phoenix Opening, Archon Immortal, Zealot Archon 

Get SALT Encoding   

  12  0:00  Probe  
  13  0:12  Probe  
  14  0:17  Pylon  
  14  0:24  Probe (Chrono Boost)  
  15  0:36  Probe (Chrono Boost)  
  15  0:38  Gateway  
  16  0:44  Probe (Chrono Boost)  
  16  0:45  Assimilator  
  17  0:51  Probe (Chrono Boost)  
  17  0:54  Assimilator  
  18  1:03  Probe (Chrono Boost)  
  19  1:07  Gateway  
  19  1:11  Probe (Chrono Boost)  
  20  1:17  Probe  
  20  1:25  Cybernetics Core  
  21  1:29  Probe  
  22  1:35  Pylon  
  22  1:41  Probe  
  23  1:53  Probe  
  24  1:59  Warp Gate (Chrono Boost)  
  24  2:01  Stalker  
  24  2:02  Sentry  
  24  2:05  Probe  
  29  2:10  Pylon  
  29  2:17  Probe  
  30  2:33  Nexus  
  30  2:40  Stalker  
  32  2:47  Stalker  
  34  2:51  Probe  
  35  3:03  Probe  
  35  3:05  Shield Battery  
  36  3:12  Phoenix  
  36  3:13  Robotics Facility  
  36  3:15  Probe  
  37  3:26  Pylon  
  37  3:28  Probe  
  38  3:37  Pylon  
  38  3:40  Probe  
  39  3:47  Probe  
  39  3:48  Shield Battery  
  40  3:52  Probe  
  40  3:54  Sentry x2  
  45  3:59  Probe  
  46  4:04  Probe  
  46  4:05  Immortal (Chrono Boost)  
  51  4:11  Probe  
  51  4:16  Probe  
  53  4:20  Adept x2  
  53  4:23  Probe  
  58  4:28  Probe  
  59  4:36  Pylon  
  59  4:37  Observer, Probe  
  59  4:38  Pylon  
  61  4:41  Adept x2  
  61  4:45  Probe  
  66  4:49  Probe  
  67  4:58  Nexus  
  67  5:04  Probe  
  68  5:08  Immortal (Chrono Boost)  
  68  5:12  Probe  
  69  5:18  Assimilator  
  69  5:19  Probe, Assimilator  
  70  5:26  Probe  
  70  5:27  Forge  
  71  5:31  Probe  
  70  5:40  Twilight Council  
  70  5:42  Probe, Gateway  
  69  5:44  Gateway  
  69  5:47  Protoss Ground Weapons Level 1 (Chrono Boost)  
  69  5:48  Probe  
  70  5:53  Pylon  
  70  5:54  Probe  
  71  6:01  Immortal (Chrono Boost)  
  71  6:02  Probe  
  76  6:06  Charge (Chrono Boost)  
  76  6:07  Probe  
  76  6:09  Gateway  
  77  6:12  Probe, Gateway  
  78  6:28  Gateway  
  78  6:29  Gateway  
  78  6:30  Templar Archives  
  78  6:33  Zealot  
  78  6:36  Zealot  
  78  6:38  Pylon  
  82  6:41  Sentry, Zealot  
  86  6:48  Pylon  
  86  6:51  Shield Battery  
  86  6:52  Immortal  
  87  7:05  Adept x2  
  87  7:07  High Templar  
  87  7:08  Zealot x2, High Templar  
  97  7:12  Archon  
  99  7:16  Pylon  
  99  7:18  Pylon  
  99  7:19  Pylon  
  99  7:33  Warp Prism (Chrono Boost)  
  99  7:36  Pylon  
  99  7:39  Nexus  
  97  7:46  Pylon  
  97  7:56  High Templar x4  
  97  7:57  Zealot, Immortal x5 (Chrono Boost)  
  107  7:59  Immortal (Chrono Boost)  
  107  8:01  Archon x2  
  107  8:04  Zealot x2  
  111  8:11  Zealot  
  112  8:30  Zealot x5, High Templar x2  
  126  8:34  Archon  
  126  8:45  Zealot  
  128  8:50  Zealot x2  
  128  8:51  Zealot x2  
  128  8:55  Zealot  
  114  9:10  Zealot  
Show
View Real Time Build Order
Export as new Build Order

Maplez Protoss 

Build Orders: Blink Stalkers 

Get SALT Encoding   

  12  0:02  Probe  
  13  0:14  Probe  
  14  0:21  Pylon  
  14  0:26  Probe  
  15  0:39  Probe (Chrono Boost)  
  15  0:40  Gateway  
  16  0:48  Probe (Chrono Boost), Assimilator  
  17  0:52  Assimilator  
  17  0:53  Probe  
  18  1:05  Probe  
  18  1:08  Gateway  
  19  1:18  Probe  
  20  1:28  Cybernetics Core  
  20  1:30  Probe  
  21  1:34  Pylon  
  21  1:42  Probe  
  22  1:57  Probe  
  23  2:04  Stalker, Warp Gate (Chrono Boost)  
  23  2:05  Sentry  
  27  2:10  Probe  
  28  2:16  Pylon  
  28  2:31  Stalker  
  28  2:34  Stalker  
  32  2:49  Nexus  
  32  2:59  Robotics Facility  
  32  3:10  Shield Battery  
  32  3:17  Shield Battery, Probe  
  33  3:26  Twilight Council  
  33  3:38  Probe  
  34  3:46  Observer  
  35  3:50  Probe  
  35  3:55  Stalker  
  38  3:58  Blink (Chrono Boost)  
  38  4:00  Pylon  
  38  4:02  Probe x2  
  40  4:14  Probe  
  41  4:18  Probe  
  41  4:20  Immortal (Chrono Boost)  
  46  4:26  Probe  
  46  4:31  Probe  
  48  4:36  Forge  
  48  4:38  Probe  
  49  4:46  Probe  
  49  4:50  Probe  
  51  4:54  Pylon  
  51  4:59  Warp Prism, Probe  
  54  5:02  Probe  
  50  5:14  Stalker  
  50  5:15  Stalker  
  52  5:22  Protoss Ground Weapons Level 1  
  52  5:25  Observer  
  52  5:28  Probe  
  50  5:31  Probe (Chrono Boost)  
  48  5:40  Probe (Chrono Boost)  
  48  5:49  Probe (Chrono Boost)  
  50  5:50  Immortal (Chrono Boost)  
  50  5:51  Probe (Chrono Boost)  
  54  5:58  Probe  
  54  6:04  Charge (Chrono Boost)  
  55  6:05  Probe  
  55  6:10  Probe  
  57  6:18  Stalker x2  
  59  6:20  Probe  
  62  6:30  Gateway x2  
  62  6:33  Probe  
  63  6:45  Stalker x2  
  67  6:49  Pylon  
  67  6:55  Probe  
  68  7:05  Probe  
  69  7:13  Probe  
  70  7:15  Nexus  
  70  7:20  Immortal (Chrono Boost)  
  74  7:27  Adept x2  
  74  7:29  Assimilator  
  76  7:38  Probe x2  
  76  7:43  Dark Shrine  
  78  7:55  Gateway  
  78  7:56  Gateway  
  78  8:13  Probe  
  75  8:20  Probe  
  75  8:21  Shield Battery  
  75  8:22  Shield Battery  
  75  8:24  Pylon  
  75  8:25  Probe  
  75  8:26  Assimilator  
  77  8:27  Pylon  
  77  8:29  Adept x4  
  85  8:35  Probe  
  85  8:39  Immortal (Chrono Boost)  
  88  8:59  Dark Templar x3  
Tags
 
Add a new tag
Caveats
  • Supply blocks, unpowered buildings, or Contaminate may cause inaccurate times.
  • Supply counts are checked every 10 seconds.